 Dungeon Crawl Stone Soup version 0.17-a0-968-gf8e1f1d (webtiles) character file.

1300 Gorice the Stinger (level 8, 0/46 HPs)
             Began as an Octopode Venom Mage on May 9, 2015.
             Was a Believer of Sif Muna.
             Slain by an orc
             ... wielding a +0 halberd
              (8 damage)
             ... in a bailey.
             The game lasted 00:44:45 (7366 turns).

Gorice the Stinger (Octopode Venom Mage)            Turns: 7366, Time: 00:44:46

Health: 0/46       AC:  1    Str:  7    XL:     8   Next: 57%
Magic:  2/15       EV: 12    Int: 19    God:    Sif Muna [**....]
Gold:   285        SH:  0    Dex: 13    Spells: 5 memorised, 6 levels left

rFire  . . .     SeeInvis .     a - +2 dagger (elec)
rCold  . . .     Clarity  +     (no shield)
rNeg   . . .     SustAb   .     (helmet restricted)
rPois  .         Gourm    .     h - amulet of clarity
rElec  .         Spirit   .     I - +2 ring of slaying
rCorr  .         Warding  .     (no ring)
rMut   .         Stasis   .     (no ring)
MR     .....                    (no ring)
Stlth  +++.......               (no ring)
                                (no ring)
                                (no ring)
                                (no ring)

@: very slightly contaminated, not resistant to hostile enchantments, fairly
stealthy
A: almost no armour, amphibious, 8 rings, constrict 8, camouflage 1, gelatinous
body 1
a: Channel Energy, Forget Spell, Renounce Religion


You were in a bailey.
You worshipped Sif Muna.
Sif Muna was pleased with you.
You were hungry.

You visited 2 branches of the dungeon, and saw 8 of its levels.
You also visited: Bailey.

You collected 307 gold pieces.
You spent 22 gold pieces at shops.

Inventory:

Hand weapons
 a - a +2 dagger of electrocution (weapon)
   (You found it on level 4 of the Dungeon)
 m - a +0 scimitar
 p - a +0 hand axe of electrocution
   (You took it off an orc on level 3 of the Dungeon)
 r - a +2 great mace of holy wrath
   (You found it on level 3 of the Dungeon)
 v - a +0 rapier
 x - the +1 broad axe "Dragonbane" {venom, MR+}
   (You found it on level 6 of the Dungeon)

   It poisons the flesh of those it strikes.
   It affects your resistance to hostile enchantments.
 A - a +2 whip of flaming
   (You found it on level 1 of the Dungeon)
 C - a +1 dagger of venom
   (You took it off an orc wizard on level 5 of the Dungeon)
Missiles
 k - 31 sling bullets
 y - 6 javelins (quivered)
 Z - 278 stones
Armour
 g - a +0 buckler
Jewellery
 h - an amulet of clarity (around mantle)
 I - a +2 ring of slaying (left tentacle)
Magical devices
 c - a wand of magic darts (10)
 n - a wand of teleportation (0) {!d}
 E - a wand of slowing (23)
Scrolls
 d - 2 scrolls of amnesia
 o - a scroll of immolation {unknown}
 q - 2 scrolls of remove curse
 w - a scroll of fog
 z - 2 scrolls of teleportation {!r}
 B - a scroll of enchant weapon
Potions
 j - a potion of lignification {!q}
 s - a potion of ambrosia
 t - 4 potions of curing
 u - a potion of agility {!q}
 G - 2 potions of heal wounds {!q}
 H - a potion of might {unknown}
Books
 e - a Young Poisoner's Handbook
 D - a book of Flames
 F - a book of Envenomations
Comestibles
 b - 4 bread rations {!e}
 f - 6 chunks of flesh
 i - 15 fruits
 l - 2 meat rations {!e}


   Skills:
 - Level 2.0 Dodging
 - Level 2.6 Stealth
 + Level 5.0 Spellcasting
 + Level 6.7 Conjurations
 * Level 2.4 Fire Magic
 - Level 7.3 Poison Magic


You had 6 spell levels left.
You knew the following spells:

 Your Spells              Type           Power        Failure   Level  Hunger
a - Sting                 Conj/Pois      ####         1%          1    None
b - Cure Poison           Pois           ####......   1%          2    #......
c - Mephitic Cloud        Conj/Pois/Air  ###.....     8%          3    ##.....
d - Throw Flame           Conj/Fire      ###...       3%          2    #......
e - Conjure Flame         Conj/Fire      ###.....     8%          3    ##.....


Dungeon Overview and Level Annotations

Branches:
Dungeon (7/15)             Temple (1/1) D:4

Altars:
Cheibriados
Dithmenos
Elyvilon
Fedhas
Gozag
Kikubaaqudgha
Makhleb
Okawaru
Qazlal
Ru
Sif Muna
Trog
Vehumet
Xom
Yredelemnul
Zin

Shops:
D:4 }*=?

Annotations:
D:4 ghost!, asdu's ghost, weakling DsTm


Innate Abilities, Weirdness & Mutations

You cannot wear most types of armour.
You are amphibious.
You can wear up to eight rings at the same time.
You can use your tentacles to constrict eight enemies at once.
Your skin changes colour to match your surroundings (Stealth).
Your rubbery body absorbs attacks (AC +1).


Message History

The orc hits the orc with a spear.
The orc is engulfed in noxious fumes.
The orc appears confused.
The orc closely misses you.
Unknown command.
Casting: Mephitic Cloud
Confirm with . or Enter, or press ? or * to list all spells.
Aiming: Mephitic Cloud
Press: ? - help, Shift-Dir - straight line, f - orc, p - orc
Aim: an orc, wielding a halberd (lightly wounded)
You miscast Mephitic Cloud.
You are very lightly contaminated with residual magic.
Nothing appears to happen.
The orc is engulfed in noxious fumes.
The orc appears confused.
The orc misses you. The orc closely misses you.
The orc is engulfed in noxious fumes.
The orc appears confused.
The orc is engulfed in noxious fumes.
The orc appears confused.
The orc is engulfed in noxious fumes.
The orc appears confused.
The orc is engulfed in noxious fumes.
The orc appears confused.
The orc closely misses you. The orc barely misses you.
The orc hits you from afar with a halberd.
The orc is engulfed in noxious fumes.
The orc misses you.
The orc is engulfed in noxious fumes.
The orc appears confused.
The orc is engulfed in noxious fumes.
The orc appears confused.
Damage: 2 (max 9)
The orc is engulfed in noxious fumes.
The orc appears confused.
The orc hits the orc with a halberd.
The orc closely misses you.
The orc is engulfed in noxious fumes.
The orc appears confused.
You kill the orc!
The orc is engulfed in noxious fumes.
The orc appears confused.
Unknown command.
The orc hits you from afar with a spear.
The orc is engulfed in noxious fumes.
The orc closely misses the orc.
The orc barely misses you.
The orc hits you from afar with a trident.
Damage: 4 (max 9)
The orc hits the orc with a halberd!
The orc is killed!
The orc hits you with a spear.
The orc hits you from afar with a halberd!
* * * LOW HITPOINT WARNING * * *
The orc hits you from afar with a halberd!
You die...

############
##.∩.......o#
#@..§.......o
#o§§o......o.
#ooo.o.......
#.).)o.....oo
#.........oo.
##.∩........#
############


You could see 7 orcs.

Vanquished Creatures
  Eustachio (D:4)
  An ice beast (D:5)
  3 ogres
  An orc warrior (Bailey)
  A centaur (D:5)
  A wyvern skeleton (D:7)
  A hound (D:3)
  2 quasits
  An orc priest (D:4)
  3 orc wizards
  An iguana (D:6)
  3 worker ants
  A hound zombie (D:5)
  4 gnolls (D:6)
  9 adders
  2 shadow imps
  5 oozes
  An adder skeleton (D:5)
  2 worms
  6 giant geckos
  23 orcs
  A bat zombie (D:5)
  4 giant cockroaches
  4 hobgoblins
  10 jackals
  12 kobolds
  3 quokkas
  10 bats
  6 giant newts
  13 goblins
  A quokka skeleton (D:4)
  A quokka zombie (D:5)
  10 rats
147 creatures vanquished.

Notes
Turn   | Place    | Note
--------------------------------------------------------------
     0 | D:1      | Gorice, the Octopode Venom Mage, began the quest for the Orb.
     0 | D:1      | Reached XP level 1. HP: 11/11 MP: 3/3
   116 | D:1      | Reached skill level 5 in Poison Magic
   128 | D:1      | Reached XP level 2. HP: 17/17 MP: 0/5
   547 | D:1      | Reached skill level 1 in Conjurations
   619 | D:1      | Reached XP level 3. HP: 21/21 MP: 2/6
   832 | D:2      | HP: 6/21 [poisoned by an adder]
   838 | D:2      | HP: 5/21 [poisoned by an adder]
   846 | D:1      | HP: 3/21 [poisoned by an adder]
  1044 | D:1      | Learned a level 2 spell: Cure Poison
  1048 | D:1      | Learned a level 3 spell: Mephitic Cloud
  1126 | D:2      | Found a basalt altar of Yredelemnul.
  1135 | D:2      | HP: 6/21 [adder (1)]
  1136 | D:2      | HP: 2/21 [adder (4)]
  1141 | D:2      | HP: 2/21 [bat (1)]
  1154 | D:2      | Reached skill level 2 in Conjurations
  1333 | D:2      | Reached XP level 4. HP: 27/27 MP: 4/8
  2216 | D:3      | Reached XP level 5. HP: 27/31 MP: 6/9
  2282 | D:3      | Reached skill level 3 in Conjurations
  2333 | D:3      | Reached skill level 3 in Spellcasting
  2524 | D:4      | Found Kulo's Magic Scroll Emporium.
  2525 | D:4      | Found a snail-covered altar of Cheibriados.
  2526 | D:4      | Noticed Eustachio
  2544 | D:4      | HP: 4/31 [hound (6)]
  2826 | D:4      | Bought a scroll of identify for 22 gold pieces
  3118 | D:4      | Noticed asdu's ghost (weakling DsTm)
  3163 | D:4      | Found Cuoliri's Gadget Emporium.
  3274 | D:4      | Found Luobis's Assorted Antiques.
  3308 | D:4      | Found a staircase to the Ecumenical Temple.
  3317 | Temple   | Entered the Ecumenical Temple
  3521 | Temple   | Became a worshipper of Sif Muna the Loreminder
  3568 | D:4      | Noticed an ogre
  3905 | D:4      | Killed Eustachio
  3905 | D:4      | Reached skill level 4 in Conjurations
  3905 | D:4      | Reached skill level 6 in Poison Magic
  3905 | D:4      | Reached XP level 6. HP: 36/36 MP: 1/11
  4125 | D:4      | Found a bloodstained altar of Trog.
  4150 | D:4      | Reached XP level 7. HP: 30/41 MP: 5/12
  4191 | D:4      | Killed an ogre
  4191 | D:4      | Acquired Sif Muna's first power
  4518 | D:5      | Entered Level 5 of the Dungeon
  4542 | D:5      | HP: 9/41 [ice beast (4)]
  4542 | D:5      | HP: 1/41 [ice beast (8)]
  4800 | D:4      | Found Orrukeot's Jewellery Emporium.
  4825 | D:5      | Reached skill level 4 in Spellcasting
  4825 | D:5      | Reached skill level 5 in Conjurations
  4969 | D:5      | HP: 10/41 [centaur (8)]
  4972 | D:5      | Reached skill level 7 in Poison Magic
  5747 | D:5      | Reached XP level 8. HP: 23/46 MP: 9/14
  5935 | D:6      | Got a smoking broad axe
  5950 | D:6      | Reached skill level 6 in Conjurations
  5972 | D:6      | Identified the +1 broad axe "Dragonbane" {venom, MR+} (You found it on level 6 of the Dungeon)
  6133 | D:6      | Learned a level 2 spell: Throw Flame
  6137 | D:6      | Learned a level 3 spell: Conjure Flame
  6294 | D:5      | Acquired Sif Muna's second power
  6294 | D:5      | Reached skill level 1 in Fire Magic
  6522 | D:6      | Found a stormy altar of Qazlal.
  6874 | D:6      | Found a blossoming altar of Fedhas.
  7178 | D:7      | Reached skill level 2 in Fire Magic
  7296 | D:7      | Found a flagged portal.
  7343 | Bailey   | Entered a bailey
  7359 | Bailey   | Reached skill level 5 in Spellcasting
  7366 | Bailey   | HP: 8/46 [orc/halberd (13)]
  7366 | Bailey   | Slain by an orc

Action                   |  1- 3 |  4- 6 |  7- 9 || total
-------------------------+-------+-------+-------++-------
Melee: Unarmed           |     1 |       |       ||     1
       Whip              |    27 |    49 |       ||    76
       Dagger            |       |       |    47 ||    47
Throw: Stone             |       |     3 |       ||     3
 Cast: Sting             |    52 |   109 |   102 ||   263
       Cure Poison       |     1 |     1 |     1 ||     3
       Mephitic Cloud    |       |     5 |     5 ||    10
       Throw Flame       |       |       |    10 ||    10
       Conjure Flame     |       |       |     3 ||     3
Evoke: Wand              |       |     5 |     1 ||     6
  Use: Scroll            |     2 |     4 |     6 ||    12
       Potion            |     2 |       |     1 ||     3
 Stab: Sleeping          |     2 |     2 |     3 ||     7
  Eat: Chunk             |     2 |     9 |     8 ||    19
       Royal jelly       |       |       |     1 ||     1

Table legend:
 A = Turns spent in this place as a percentage of turns spent in the entire game.
 B = Non-inter-level travel turns spent in this place as a percentage of non-inter-level travel turns spent in the entire game.
 C = Inter-level travel turns spent in this place as a percentage of turns spent in this place.
 D = Turns resting spent in this place as a percentage of non-inter-level travel turns spent in this place.
 E = Turns spent auto-exploring this place as a percentage of non-inter-level travel turns spent in this place.
 F = Non-inter-level travel turns spent in this place divided by the number of levels of this place that you've seen.
                   A       B       C       D       E      F
               +-------+-------+-------+-------+-------+----------------------
         Total | 100.0 | 100.0 |   0.6 |   4.0 |   6.4 | 273.3
       Dungeon |  98.1 |  98.1 |   0.5 |   4.1 |   6.0 | 344.9
        Temple |   0.8 |   0.7 |  10.0 |   0.0 |  72.2 |  18.0
        Bailey |   1.1 |   1.1 |   0.0 |   0.0 |   0.0 |  28.0
               +-------+-------+-------+-------+-------+----------------------

Vault maps used:
D:1:      scummos_arrival_checkerplants, minmay_liquid_box,
          minmay_splitting_lines
D:2:      yredelemnul_altar_generic, serial_curves, eino_curves_02,
          eino_curves_04, hangedman_decor_opposing, serial_bayou_lake_a
D:4:      lightli_temple_of_fire, cheibriados_altar_1,
          minmay_temple_entry_poolview, first_bread, serial_shops,
          nicolae_shop_statue_plus, kennysheep_little_box, shop,
          nicolae_shop_crystal, uniq_eustachio
D:5:      minivault_14
D:6:      fedhas_altar_fruit_tree, basic_altar
D:7:      enter_bailey_3, uniq_duvessa
Temple:   chambers_temple_12
Bailey:   bailey_polearm_5, bailey
